 Dungeon Crawl Stone Soup version 0.20.1-1-g8b1a95d (webtiles) character file.

25 tidbits the Insei (level 2, -1/22 HPs)
             Began as a Demigod Transmuter on Aug 24, 2017.
             Slain by an adder (3 damage)
             ... on level 2 of the Dungeon.
             The game lasted 00:05:37 (647 turns).

tidbits the Insei (Demigod Transmuter)               Turns: 647, Time: 00:05:38

Health: -1/22      AC:  2    Str: 18    XL:     2   Next: 63%
Magic:  6/7        EV: 12    Int: 17    God:
Gold:   106        SH:  0    Dex: 16    Spells: 4/5 levels left

rFire    . . .     SeeInvis .   a - +0 dagger
rCold    . . .     Gourm    .   (no shield)
rNeg     . . .     Faith    .   i - +0 robe
rPois    .         Spirit   .   (no helmet)
rElec    .         Reflect  .   (no cloak)
rCorr    .         Harm     .   (no gloves)
MR       .....                  (no boots)
Stlth    +.........             (no amulet)
Regen    0.1/turn               (no ring)
MPRegen  0.1/turn               (no ring)

@: mighty, appendage
A: horns 2, high mp 1
a: End Transformation


You were on level 2 of the Dungeon.
You were not hungry.
You had grown temporary horns.
You visited 1 branch of the dungeon, and saw 3 of its levels.

You collected 106 gold pieces.

Inventory:

Hand Weapons
 a - a +0 dagger (weapon)
 b - a +0 hunting sling
Missiles
 g - 61 stones (quivered)
 h - 12 arrows
Armour
 i - a +0 robe (worn)
Scrolls
 e - a scroll of noise
 j - a scroll of magic mapping
 l - a scroll of enchant armour {unknown}
 m - a scroll of enchant weapon {unknown}
Potions
 f - a potion of curing
Books
 c - a book of Changes

   Spells                             Type                      Level
   a - Beastly Appendage              Transmutation                1
   b - Sticks to Snakes               Transmutation                2
   c - Spider Form                    Transmutation/Poison         3
   d - Ice Form                       Ice/Transmutation            4
   e - Blade Hands                    Transmutation                5
Comestibles
 d - a bread ration
 k - a royal jelly


   Skills:
 - Level 0.8 Fighting
 - Level 1.7 Dodging
 * Level 3.1 Unarmed Combat
 - Level 2.0 Spellcasting
 + Level 2.4 Transmutations


You had 4 spell levels left.
You knew the following spells:

 Your Spells              Type           Power        Failure   Level  Hunger
e - Beastly Appendage     Tmut           #.....       7%          1    #......


Dungeon Overview and Level Annotations

Branches:
Dungeon (3/15)


Innate Abilities, Weirdness & Mutations

You have an increased reservoir of magic. (+10% MP)
You have a pair of horns on your head.


Message History

You open the door.
There is a stone staircase leading up here.
You climb upwards.
A bat, a giant cockroach and a hobgoblin come into view.
The hobgoblin shouts!
You hear a shout! x2
The bat misses you.
Found 8 gold pieces.
A goblin comes into view.
There is a stone staircase leading down here.
The bat barely misses you.
A kobold comes into view.
The bat closely misses you. The bat hits you but does no damage.
The giant cockroach bites you but does no damage.
a - a +0 dagger (weapon)
Casting: Beastly Appendage
Confirm with . or Enter, or press ? or * to list all spells.
You don't know that spell.
Casting: Beastly Appendage
Confirm with . or Enter, or press ? or * to list all spells.
You grow a pair of large bovine horns.
The giant cockroach completely misses you.
The giant cockroach closely misses you.
You barely miss the giant cockroach. The giant cockroach misses you.
You hit the giant cockroach but do no damage.
The giant cockroach closely misses you.
You hit the giant cockroach.
The giant cockroach is lightly wounded.
The giant cockroach barely misses you.
You closely miss the giant cockroach.
The giant cockroach is lightly wounded.
Your transformation is almost over.
The giant cockroach closely misses you.
You barely miss the giant cockroach.
Your headbutt misses the giant cockroach.
The giant cockroach is lightly wounded.
The giant cockroach misses you. x2
An adder comes into view.
You hit the giant cockroach. You headbutt the giant cockroach.
You kill the giant cockroach!
Your Unarmed Combat skill increases to level 3!
The adder moves out of view.
You barely miss the goblin. You headbutt the goblin.
You kill the goblin!
The bat closely misses you.
Casting: Beastly Appendage
Confirm with . or Enter, or press ? or * to list all spells.
You extend your transformation's duration.
Your transformation is almost over.
The bat hits you.
You closely miss the bat. Your headbutt misses the bat.
The bat completely misses you. The bat closely misses you.
You barely miss the bat. The bat hits you but does no damage.
You hit the bat.
The bat is severely wounded.
The bat hits you but does no damage.
You closely miss the bat. You headbutt the bat.
You kill the bat!
You hit the kobold but do no damage. You headbutt the kobold.
You kill the kobold!
You hit the adder. Your headbutt misses the adder.
The adder is moderately wounded.
The adder bites you. x2
You miss the adder.
The adder is moderately wounded.
The adder closely misses you.
You hit the adder but do no damage. Your headbutt misses the adder.
The adder is moderately wounded.
Your horns disappear.
The adder barely misses you.
You hit the adder but do no damage.
The adder is moderately wounded.
The adder bites you.
Casting: Beastly Appendage
Confirm with . or Enter, or press ? or * to list all spells.
You grow a pair of large bovine horns.
The adder closely misses you. The adder bites you but does no damage.
You hit the adder but do no damage. Your headbutt misses the adder.
The adder is moderately wounded.
The adder closely misses you.
You hit the adder.
The adder is moderately wounded.
The adder bites you.
You hit the adder.
The adder is heavily wounded.
The adder closely misses you. The adder bites you.
* * * LOW HITPOINT WARNING * * *
You barely miss the adder.
The adder is heavily wounded.
The adder bites you.
* * * LOW HITPOINT WARNING * * *
You hit the adder.
The adder is heavily wounded.
The adder barely misses you.
It was a potion of might.
You feel very mighty all of a sudden. The adder bites you.
* * * LOW HITPOINT WARNING * * *
The adder bites you.
You die...

#.........##
#.......K...
#...........
#...>.....#
#.........#
#....g......
##g###......
#S# ..####
#@# g.#
#......#
######.# .#
.# .# ###.##


You could see an adder and a hobgoblin.

Vanquished Creatures
  2 leopard geckos (D:1)
  3 bats
  A giant cockroach (D:2)
  2 hobgoblins
  A frilled lizard (D:1)
  8 goblins
  2 kobolds
  3 rats
22 creatures vanquished.

Notes
Turn   | Place    | Note
-------+----------+-------------------------------------------
     0 | D:1      | tidbits the Demigod Transmuter began the quest for the Orb.
     0 | D:1      | Reached XP level 1. HP: 15/15 MP: 5/5
    82 | D:1      | Reached skill level 2 in Transmutations
   158 | D:1      | Reached skill level 2 in Spellcasting
   215 | D:1      | Reached XP level 2. HP: 21/22 MP: 7/7
   629 | D:2      | Reached skill level 3 in Unarmed Combat
   647 | D:2      | HP: 2/22 [adder (2)]
   647 | D:2      | Slain by an adder

Skill      XL: |  1  2 |
---------------+-------+-----
Transmutations | 2 |  2.4
Spellcasting   | 2 |  2.0
Unarmed Combat | 3 |  3.1
Fighting       | |  0.8
Dodging        | |  1.7

Action                   || total
-------------------------++-------
Melee: Dagger            ||    63
       Unarmed           ||     9
       Kick              ||     5
       Headbutt          ||     7
 Fire: Hunting sling     ||     7
Throw: Stone             ||     8
 Cast: Beastly Appendage ||    14
  Use: Scroll            ||     3
       Potion            ||     1
Armor: Robe              ||    11
Dodge: Dodged            ||    50

Table legend:
 A = Turns spent in this place as a percentage of turns spent in the entire game.
 B = Non-inter-level travel turns spent in this place as a percentage of non-inter-level travel turns spent in the entire game.
 C = Inter-level travel turns spent in this place as a percentage of turns spent in this place.
 D = Turns resting spent in this place as a percentage of non-inter-level travel turns spent in this place.
 E = Turns spent auto-exploring this place as a percentage of non-inter-level travel turns spent in this place.
 F = Non-inter-level travel turns spent in this place divided by the number of levels of this place that you've seen.
                   A       B       C       D       E      F
               +-------+-------+-------+-------+-------+----------------------
         Total | 100.0 | 100.0 |   0.2 |   0.0 |   0.0 | 185.0
       Dungeon | 100.0 | 100.0 |   0.2 |   0.0 |   0.0 | 185.0
               +-------+-------+-------+-------+-------+----------------------

Table legend:
 A = Kills in this place as a percentage of kills in entire the game.
 B = Kills by you in this place as a percentage of kills by you in the entire game.
 C = Kills by friends in this place as a percentage of kills by friends in the entire game.
 D = Other kills in this place as a percentage of other kills in the entire game.
 E = Experience gained in this place as a percentage of experience gained in the entire game.
 F = Experience gained in this place divided by the number of levels of this place that you have seen.
                   A       B       C       D       E      F
               +-------+-------+-------+-------+-------+----------------------
         Total | 100.0 | 100.0 |  -nan |  -nan | 100.0 |  12.0
       Dungeon | 100.0 | 100.0 |  -nan |  -nan | 100.0 |  12.0
               +-------+-------+-------+-------+-------+----------------------

Vault maps used:
D:1:      lemuel_arrival_tunnels, kennysheep_pointless_box
D:2:      first_bread, uniq_jessica
D:3:      hangedman_decor_growths, makhleb_altar_promises_db
